 Dungeon Crawl Stone Soup version 0.32-a0-799-g95e1662365 (webtiles) character file.

Game seed: 16009813936785249005

14 croobank the Grave Robber (level 2, 0/20 HPs)
             Began as a Demigod Necromancer on Mar 21, 2024.
             Frozen to death by an endoplasm (3 damage)
             ... on level 1 of the Dungeon on Mar 22, 2024.
             The game lasted 00:04:16 (687 turns).

croobank the Grave Robber (Demigod Necromancer)      Turns: 687, Time: 00:04:17

Health: 0/20       AC:  3    Str:  9    XL:     2   Next: 15%
Magic:  1/7        EV: 11    Int: 17    God:
Gold:   46         SH:  0    Dex: 14    Spells: 4/5 levels left

rFire   . . .        e - +0 short sword
rCold   . . .        (no shield)
rNeg    . . .        a - +0 robe
rPois   .            (no helmet)
rElec   .            c - scarf {shadows}
rCorr   .            h - +0 pair of gloves
SInv    .            (no boots)
Will    .....        (no amulet)
Stlth   ++           (no ring)
HPRegen 0.23/turn    (no ring)
MPRegen 0.10/turn

%: no passive effects
@: no status effects
A: high MP 1, forlorn, divine attributes
a: no special abilities


You were on level 1 of the Dungeon.
You visited 1 branch of the dungeon, and saw 2 of its levels.

You collected 46 gold pieces.

Inventory:

Hand Weapons
 e - a +0 short sword (weapon)
 k - a +0 dagger
Armour
 a - a +0 robe (worn)
 c - a scarf of shadows (worn)
 h - a +0 pair of gloves (worn)
 i - a +0 leather armour
Scrolls
 d - 2 scrolls of teleportation {unknown}
 g - 2 scrolls of enchant weapon {unknown}
 j - a scroll of immolation {unknown}
 l - a scroll of butterflies {unknown}
 m - a scroll of enchant armour {unknown}
 n - a scroll of identify {unknown}
Potions
 b - a potion of magic
 f - a potion of mutation {unknown}


   Skills:
 + Level 0.0 Fighting
 + Level 2.0 Dodging
 + Level 2.1 Stealth
 + Level 2.0 Spellcasting
 + Level 3.7 Necromancy


You had 4 spell levels left.
You knew the following spells:

 Your Spells              Type           Power      Damage    Failure   Level
a - Necrotise             Necr           56%        1d6       4%          1

Your spell library contained the following spells:

 Spells                   Type           Power      Damage    Failure   Level
 Vampiric Draining        Necr           14%        2d7       12%         3
 Cigotuvi's Dreadful Rot  Necr/Alch/Air  10%        N/A       17%         2
 Magic Dart               Conj           4%         1d3       19%         1
 Slow                     Hex            4%         N/A       19%         1
 Searing Ray              Conj           2%         2d4       28%         2
 Animate Dead             Necr           14%        N/A       38%         4
 Dispel Undead            Necr           14%        3d10      38%         4
 Confusing Touch          Hex            1%         N/A       50%         3
 Martyr's Knell           Necr/Summ      8%         N/A       65%         4
 Fulminant Prism          Conj/Alch      0%         3d5       88%         4
 Curse of Agony           Necr           14%        N/A       75%         5


Dungeon Overview and Level Annotations

Branches:
Dungeon (2/15)


Innate Abilities, Weirdness & Mutations

You have an increased reservoir of magic. (+10% MP)
You shall have no god before yourself.
Your divine heritage dramatically boosts your attributes as you level up.


Message History

Your frilled lizard skeleton closely misses the ball python.
The ball python bites you but does no damage.
The ball python constricts you.
Casting: Necrotise (safe; 4% risk of failure)
Confirm with . or Enter, or press ? or * to list all spells.
Aiming: Necrotise (safe; 4% risk of failure)
Press: ? - help, Shift-Dir - straight line, f - ball python, p - kobold
Aim: a ball python (constricting you, ally target, chance to affect: 84%)
The ball python writhes in agony.
The hobgoblin hits you. The endoplasm freezes you.
You are frozen.
The kobold hits you but does no damage.
The ball python bites you but does no damage.
The ball python constricts you.
* * * LOW HITPOINT WARNING * * *
Your frilled lizard skeleton misses the ball python.
Casting: Necrotise (safe; 4% risk of failure)
Confirm with . or Enter, or press ? or * to list all spells.
Aiming: Necrotise (safe; 4% risk of failure)
Press: ? - help, Shift-Dir - straight line, f/p - ball python
Aim: a ball python (moderately wounded, constricting you, ally target, chance to affect: 84%)
The ball python writhes in agony.
You kill the ball python!
The dead are slithering!
The hobgoblin barely misses you. The endoplasm freezes you.
You are frozen.
* * * LOW HITPOINT WARNING * * *
The kobold barely misses you.
Your frilled lizard skeleton barely misses the kobold.
The kobold barely misses your frilled lizard skeleton.
Okay, then.
Casting: Necrotise (safe; 4% risk of failure)
Confirm with . or Enter, or press ? or * to list all spells.
Aiming: Necrotise (safe; 4% risk of failure)
Press: ? - help, Shift-Dir - straight line, f - endoplasm
Aim: an endoplasm (lightly wounded, chance to affect: 84%)
The endoplasm barely resists.
The hobgoblin hits you but does no damage.
The endoplasm freezes you.
You are frozen.
You die...

##..##.....###....#
#....'.(...###....#
#...##..♣#........#
##
#'###♣..♣#.###....#
#$ #.#♣♣..###.#
#....#..
#.#♣...'.#.#
###.##.#
..#♣.###...#
###.##.####
..#♣##..####
#(......... ###
#### #..@ZK.....
###### #..gJ......
.....# #..Z.......
####.####
#........[. #....#
#.......... #....#
#..........
####.####
#.......... .....#
#.......... ######


You could see an endoplasm, a hobgoblin (ally target), a kobold (ally target), a
friendly frilled lizard skeleton and a friendly ball python skeleton.

Vanquished Creatures
  A dart slug (D:1)
  3 ball pythons (D:1)
  A goblin (D:1)
  2 hobgoblins
  A frilled lizard (D:1)
  3 rats (D:1)
11 creatures vanquished.

Vanquished Creatures (collateral kills)
  A bat (D:1)
1 creature vanquished.

Grand Total: 12 creatures vanquished

Notes
Turn   | Place    | Note
-------+----------+-------------------------------------------
     0 | D:1      | croobank the Demigod Necromancer began the quest for the
                  | Orb.
     0 | D:1      | Reached XP level 1. HP: 14/14 MP: 5/5
   338 | D:1      | You fall into a shaft and drop 1 floor!
   552 | D:1      | Reached XP level 2. HP: 20/20 MP: 2/7
   687 | D:1      | Frozen to death by an endoplasm

Illustrated notes

Levels and vault maps discovered:
D:1:      sevenhm_arrival_forest_fort_small_5, layout_rooms,
          basic_ecumenical_altar, feat_on_display
D:2:      layout_rooms, serial_shops, nicolae_shop_stone,
          grunt_decor_mini_mirrors

Skill      XL: |  1 |
---------------+----+-----
Stealth        | 2 |  2.1
Dodging        | 2 |  2.0
Spellcasting   | 2 |  2.0
Necromancy     | |  3.7

Action                     || total
---------------------------++-------
  Melee: Unarmed           ||     3
         Short sword       ||     1
   Cast: Necrotise         ||    25
   Stab: Sleeping          ||     1
 Armour: Robe              ||    23
  Dodge: Dodged            ||    15

Table legend: (Time is in decaauts)
 A = Elapsed time spent in this place.
 B = Non-inter-level travel time spent in this place.
 C = Inter-level travel time spent in this place.
 D = Time resting spent in this place.
 E = Time spent auto-exploring this place.
 F = Levels seen in this place.
 G = Mean time per level.
                   A        B        C        D        E       F      G
               +--------+--------+--------+--------+--------+-----+--------+
         Total |    688 |    688 |      0 |    122 |    403 |   2 |  344.0 |
       Dungeon |    688 |    688 |      0 |    122 |    403 |   2 |  344.0 |
               +--------+--------+--------+--------+--------+-----+--------+

Top non-repeatable levels by time:
     D:1: 614 daAuts
     D:2: 73 daAuts
